 Dungeon Crawl Stone Soup version 0.30.1-3-gfc49f6343a (webtiles) character file.

Game seed: 14098311766354106479

15372 Gabide the Spry (level 12, -1/60 HPs)
             Began as a Felid Monk on July 21, 2023.
             Was an Initiate of Ashenzari.
             Killed from afar by a catoblepas (11 damage)
             ... with a blast of calcifying dust
             ... on level 1 of the Lair of Beasts.
             The game lasted 01:07:09 (17762 turns).

Gabide the Spry (Felid Monk)                       Turns: 17762, Time: 01:07:10

Health: -1/60      AC:  3    Str: 13    XL:     12   Next: 0%
Magic:  13/13      EV: 44    Int: 12    God:    Ashenzari [......]
Gold:   261        SH:  0    Dex: 29    Spells: 11/11 levels left
                                        Lives:  0   Deaths: 3

rFire   . .          .
                       - Unarmed
rCold   + . .        (shield unavailable)
rNeg    . . .        (body armour unavailable)
rPois   .            (helmet unavailable)
rElec   +            (cloak unavailable)
rCorr   +            (gloves unavailable)
SInv    +            (boots unavailable)
Will    ++...        c - amulet "Zouheud" {Faith +Blink rElec Will+}
Stlth   ++           k - +6 ring of dexterity
HPRegen 0.30/turn    q - ring "Siumib" {rCorr Str+6 SInv}
MPRegen 0.13/turn

%: faith
@: quick
A: very small, claws 1, fangs 3, see invisible, speed 1, shaggy fur 3, stealthy
paws, no weapons or thrown items, no armour, multi-lived
a: Renounce Religion, Evoke Blink, Curse Item


You were on level 1 of the Lair of Beasts.
You worshipped Ashenzari.
Ashenzari was noncommittal.
You visited 3 branches of the dungeon, and saw 16 of its levels.

You collected 914 gold pieces.
You spent 653 gold pieces at shops.

Inventory:

Jewellery
 c - the amulet "Zouheud" (around neck) {Faith +Blink rElec Will+}
   (You acquired it on level 2 of the Dungeon)

   [amulet of faith]

   It allows you to gain divine favour quickly.
   rElec:     It insulates you from electricity.
   +Blink:    It lets you blink.
   Will:      It increases your willpower.
 i - a ring of willpower
 k - a +6 ring of dexterity (left paw)
 m - a ring of ice
 q - the ring "Siumib" (right paw) {rCorr Str+6 SInv}
   (You acquired it on level 9 of the Dungeon)

   [ring of strength]

   Str:       It affects your strength (+6).
   SInv:      It lets you see invisible.
   rCorr:     It protects you from acid and corrosion.
 x - a +6 ring of strength
Wands
 e - a wand of polymorph (23)
 o - a wand of mindburst (6)
 t - a wand of charming (9)
Scrolls
 a - 2 scrolls of vulnerability
 d - 6 scrolls of teleportation
 g - 2 scrolls of magic mapping
 h - 2 scrolls of immolation
 l - 3 scrolls of identify
 y - a scroll of fear
Potions
 b - 5 potions of attraction
 f - a potion of resistance
 j - a potion of heal wounds
 n - 2 potions of curing
 s - 2 potions of lignification
 u - a potion of magic
 v - a potion of might
 w - a potion of mutation
Miscellaneous
 r - a lightning rod (4/4)


   Skills:
 + Level 11.6 Fighting
 * Level 20.1 Dodging
 + Level 11.6 Unarmed Combat


You had 11 spell levels left.
You didn't know any spells.
Your spell library contained the following spells:

 Spells                   Type           Power      Damage    Failure   Level
 Animate Dead             Necr           0%         N/A       97%         4
 Borgnjor's Vile Clutch   Necr/Erth      0%         N/A       100%        5
 Death Channel            Necr           0%         N/A       100%        6


Dungeon Overview and Level Annotations

Branches:
Dungeon (13/15)            Temple (1/1) D:5            Lair (2/5) D:11
    Orc (0/2) D:10         Vaults (0/5) D:13
  Swamp: Lair:2-3    Shoals: Lair:2-3     Snake: Lair:2-3    Spider: Lair:2-3

Altars:
Ashenzari
Cheibriados
Dithmenos
Elyvilon
Fedhas
Gozag
Hepliaklqana
Kikubaaqudgha
Makhleb
Nemelex Xobeh
Okawaru
Qazlal
Ru
Sif Muna
Trog
Uskayaw
Vehumet
Wu Jian
Xom
Yredelemnul
Zin
The Shining One

Shops:
D:5 =(   D:11 [(!

Annotations:
D:7 Joseph
D:12 2 transporters, flt's ghost, journeyman DgTm


Innate Abilities, Weirdness & Mutations

You have sharp claws.
You have razor-sharp teeth.
You have supernaturally acute eyesight. (SInv)
You cover ground quickly. (Speed+)
Your thick and shaggy fur keeps you warm. (AC +3, rC+)
Your paws help you pounce on unaware monsters.
You are incapable of wielding weapons or throwing items.
You cannot wear armour.
You gain extra lives every three experience levels.


Message History

The catoblepas is heavily wounded.
The catoblepas misses you.
You barely miss the catoblepas.
You claw the catoblepas, but do no damage.
The catoblepas is heavily wounded.
The catoblepas completely misses you.
You scratch the catoblepas.
The catoblepas is severely wounded.
The catoblepas breathes a plume of calcifying dust at you.
The blast of calcifying dust hits you!
Aiming: Fastroot
Press: ? - help, Shift-Dir - straight line, f - catoblepas
Aim: a catoblepas (severely wounded)
The roots erupt in riotous growth!
Roots grab the catoblepas.
The now-empty wand crumbles to dust.
The grasping roots constrict the catoblepas.
The catoblepas struggles to escape constriction.
Okay, then.
Unknown command.
Unknown command.
Unknown command.
Unknown command.
Unknown command.
Unknown command.
Unknown command.
The grasping roots constrict the catoblepas.
The roots release their grip on the catoblepas.
The catoblepas breathes a plume of calcifying dust at you.
The blast of calcifying dust hits you.
The catoblepas breathes a plume of calcifying dust at you.
The blast of calcifying dust hits you!
* * * LOW HITPOINT WARNING * * *
The catoblepas misses you.
The catoblepas breathes a plume of calcifying dust at you.
The blast of calcifying dust hits you!
* * * LOW HITPOINT WARNING * * *
The catoblepas breathes a plume of calcifying dust at you.
The blast of calcifying dust hits you!
You die...

##...PP#
#P....######
#P.....#
#.....#
##....##
##....#
##....#
##....#
#.....##
#.....#
##.....#
##....##
#....##
#....P#
#....#
#....##
#..@.#
#....#
#..§.#
##....#
#..§§#
#.....#
#...§#
#.....#
#...§#
#.....##
#...§#
##.....#
#...§##
##....##
#..Y§.#
#.....#
##...§##
##....# ###


There were no monsters in sight!

Vanquished Creatures
  Gastronok (D:8)
  4 vault guards (D:13)
  A catoblepas (D:13)
  3 boulder beetles
  A centaur warrior (D:13)
  3 two-headed ogres
  2 tengu warriors (D:13)
  A skeletal warrior (D:13)
  Pikel (D:4)
  An oklob plant (Lair:1)
  4 cyclopes
  An ugly thing (D:13)
  A manticore (D:12)
  A torpor snail (Lair:1)
  2 cane toads (Lair:1)
  A gargoyle (D:12)
  A kobold demonologist (D:13)
  A meliai (D:13)
  3 trolls
  Prince Ribbit (D:7)
  Sigmund (D:3)
  2 shadows
  24 yaks
  A wraith (D:10)
  A basilisk (Lair:1)
  2 steam dragons
  3 vampire mosquitoes
  A water moccasin (D:9)
  8 orc warriors
  6 black bears
  An ice beast (D:6)
  A tengu (D:8)
  3 wolves
  A phantom (D:6)
  11 centaurs
  A kobold brigand (D:8)
  3 scorpions
  9 bullfrogs
  6 gnoll sergeants
  An electric eel (D:12)
  4 howler monkeys
  11 hounds
  8 orc priests
  3 gnoll boudas
  2 iguanas
  7 jellies
  3 sleepcaps
  Ijyb (D:3)
  10 orc wizards
  Robin (D:3)
  36 gnolls
  16 adders
  2 white imps (D:6)
  An ufetubus (D:7)
  4 worms
  A dart slug (D:7)
  42 orcs
  2 ball pythons
  19 endoplasms
  2 giant cockroaches
  6 hobgoblins
  4 jackals
  11 quokkas
  3 bats
  6 frilled lizards
  15 goblins
  12 kobolds
  6 rats
  A spectral orc (D:9)
359 creatures vanquished.

Vanquished Creatures (others)
  A centaur warrior (D:13)
  A cyclops (D:12)
  A yak (D:12)
  A quokka (D:8)
4 creatures vanquished.

Grand Total: 363 creatures vanquished

Notes
Turn   | Place    | Note
-------+----------+-------------------------------------------
     0 | D:1      | Gabide the Felid Monk began the quest for the Orb.
     0 | D:1      | Reached XP level 1. HP: 10/10 MP: 2/2
   283 | D:1      | Reached XP level 2. HP: 14/14 MP: 3/3
   642 | D:2      | Reached skill level 5 in Dodging
   642 | D:2      | Reached XP level 3. HP: 7/17 MP: 4/4
  1304 | D:2      | Reached XP level 4. HP: 21/21 MP: 5/5
  1851 | D:2      | Identified a scroll of acquirement
  1851 | D:2      | Acquired the amulet "Zouheud" {Faith +Blink rElec Will+}
  1876 | D:3      | Noticed Robin
  1963 | D:3      | Noticed Ijyb
  1963 | D:3      | Noticed Sigmund
  2002 | D:3      | Mangled by Sigmund
  2003 | D:3      | Reached XP level 3. HP: -9/18 MP: 4/4
  2357 | D:3      | Reached skill level 6 in Dodging
  2357 | D:3      | Reached XP level 4. HP: 22/22 MP: 5/5
  2387 | D:3      | Killed Sigmund
  2388 | D:3      | Reached skill level 7 in Dodging
  2388 | D:3      | Reached XP level 5. HP: 25/25 MP: 6/6
  2431 | D:3      | Killed Ijyb
  2432 | D:3      | Gained mutation: You are covered in thick fur. (AC +2)
                  | [Felid growth]
  2432 | D:3      | Reached XP level 6. HP: 13/28 MP: 7/7
  2450 | D:3      | Killed Robin
  2628 | D:4      | Noticed Duvessa
  2628 | D:4      | Noticed Dowan
  2859 | D:4      | Noticed Pikel
  2893 | D:4      | Reached skill level 8 in Dodging
  2909 | D:4      | Killed Pikel
  2910 | D:4      | Reached skill level 5 in Fighting
  2910 | D:4      | Reached skill level 9 in Dodging
  2910 | D:4      | Reached skill level 5 in Unarmed Combat
  2910 | D:4      | Reached XP level 7. HP: 30/33 MP: 8/8
  2982 | D:4      | Duvessa changed into Duvessa the centaur
  2982 | D:4      | Noticed Duvessa
  3003 | D:4      | Killed Duvessa the centaur
  3004 | D:4      | Reached XP level 8. HP: 19/37 MP: 9/9
  3017 | D:4      | Dowan changed into Dowan the worm
  3017 | D:4      | Noticed Dowan
  3020 | D:4      | Killed Dowan the worm
  3416 | D:4      | Found a hide-covered altar of Uskayaw.
  3581 | D:4      | Reached skill level 10 in Dodging
  3881 | D:5      | Entered Level 5 of the Dungeon
  4276 | D:5      | Found Atough's Jewellery Emporium.
  4347 | D:5      | Found a blossoming altar of Fedhas.
  4416 | D:5      | Reached skill level 11 in Dodging
  4446 | D:5      | Found a staircase to the Ecumenical Temple.
  4455 | Temple   | Entered the Ecumenical Temple
  4784 | D:5      | HP: 1/39 [gnoll sergeant/+0 spear of freezing (7)]
  5041 | D:5      | Found Joanimpi's Antique Weapon Shop.
  5231 | D:5      | Reached XP level 9. HP: 42/42 MP: 10/10
  5775 | D:6      | Found a broken altar of Ashenzari.
  5781 | D:6      | Saw a vision of the Swamp and the Spider Nest.
  5781 | D:6      | Noticed a pharaoh ant
  5781 | D:6      | Noticed a bog body
  5781 | D:6      | Noticed a demonic crawler
  5781 | D:6      | Noticed a moth of wrath
  5781 | D:6      | Noticed an entropy weaver
  5781 | D:6      | Noticed a boulder beetle
  5781 | D:6      | Noticed a spriggan druid
  5782 | D:6      | Noticed a steelbarb worm
  5782 | D:6      | Noticed a wolf spider
  5784 | D:6      | Noticed a boulder beetle
  5800 | D:6      | Became a worshipper of Ashenzari the Shackled
  5834 | D:6      | Found an ornate altar of the Wu Jian Council.
  6338 | D:4      | Reached skill level 12 in Dodging
  7117 | D:7      | Noticed Maggie
  7488 | D:7      | Noticed Joseph
  7498 | D:7      | Slain by Joseph
  7499 | D:7      | Reached XP level 8. HP: -2/60 MP: 9/9
  7572 | D:7      | Reached skill level 13 in Dodging
  7634 | D:7      | Noticed Prince Ribbit
  7652 | D:7      | Killed Prince Ribbit
  7664 | D:7      | Maggie changed into Maggie the dart slug
  7664 | D:7      | Noticed Maggie
  7668 | D:7      | Killed Maggie the dart slug
  7897 | D:8      | Found a white marble altar of Elyvilon.
  7936 | D:8      | Noticed Grum
  7943 | D:8      | Grum changed into Grum the tengu
  7943 | D:8      | Noticed Grum
  7975 | D:7      | Reached XP level 9. HP: 24/43 MP: 10/10
  8118 | D:8      | Killed Grum the tengu
  8342 | D:5      | Bought a +6 ring of dexterity for 432 gold pieces
  8435 | D:8      | Found an ancient bone altar of Kikubaaqudgha.
  8575 | D:8      | Found a hazy altar of Hepliaklqana.
  8609 | D:8      | Reached skill level 14 in Dodging
  8615 | D:8      | Noticed Gastronok
  8771 | D:8      | Noticed a two-headed ogre
  9045 | D:8      | Found a glowing silver altar of Zin.
  9080 | D:8      | Killed Gastronok
  9081 | D:8      | Reached XP level 10. HP: 15/49 MP: 11/11
  9281 | D:8      | Killed a two-headed ogre
  9282 | D:8      | Reached skill level 15 in Dodging
  9464 | D:9      | Noticed a two-headed ogre
  9477 | D:9      | Killed a two-headed ogre
  9580 | D:9      | Found a shimmering blue altar of Sif Muna.
  9885 | D:9      | Found a basalt altar of Yredelemnul.
 10026 | D:9      | Acquired the ring "Siumib" {rCorr Str+6 SInv}
 10552 | D:10     | Entered Level 10 of the Dungeon
 10876 | D:9      | HP: 1/49 [yak (16)]
 11407 | D:9      | Reached skill level 16 in Dodging
 11642 | D:10     | Identified the +11 dagger "Hoso" {holy, rN++ Dex-3}
 11693 | D:10     | Found a staircase to the Orcish Mines.
 12206 | D:10     | Found a stormy altar of Qazlal.
 12300 | D:11     | Noticed a boulder beetle
 12654 | D:10     | Killed a boulder beetle
 12655 | D:10     | Reached XP level 11. HP: 47/53 MP: 12/12
 12710 | D:11     | Noticed a two-headed ogre
 12727 | D:11     | Killed a two-headed ogre
 12910 | D:11     | Found Soalad's Antique Weapon Emporium.
 12913 | D:11     | Found Mommocul's Armour Boutique.
 12924 | D:11     | Found Jirphoar's Distillery.
 12941 | D:11     | Bought a potion of invisibility for 104 gold pieces
 12941 | D:11     | Bought a potion of invisibility for 104 gold pieces
 12941 | D:11     | Bought a potion of degeneration for 13 gold pieces
 13015 | D:11     | Reached skill level 17 in Dodging
 13102 | D:11     | Found a staircase to the Lair.
 13289 | D:11     | Found a broken altar of Ashenzari.
 13657 | D:12     | Reached skill level 10 in Fighting
 13657 | D:12     | Reached skill level 10 in Unarmed Combat
 13854 | D:12     | Noticed a phantasmal warrior
 13926 | D:12     | Found a transporter.
 13928 | D:12     | Noticed flt's ghost (journeyman DgTm)
 13928 | D:12     | Noticed a skeletal warrior
 13930 | D:12     | Noticed a death knight
 13932 | D:12     | Found a transporter.
 14818 | D:13     | Found a gate to the Vaults.
 14818 | D:13     | Noticed a catoblepas
 14818 | D:13     | Noticed a brown ugly thing
 14818 | D:13     | Noticed a vault guard
 14818 | D:13     | Noticed a vault guard
 14818 | D:13     | Noticed a vault guard
 14818 | D:13     | Noticed a boulder beetle
 14818 | D:13     | Noticed a vault guard
 14818 | D:13     | Noticed a tengu warrior
 14822 | D:13     | Killed a vault guard
 14822 | D:13     | Killed a vault guard
 14822 | D:13     | Killed a vault guard
 14822 | D:13     | Killed a tengu warrior
 14822 | D:13     | Killed a brown ugly thing
 14822 | D:13     | Killed a boulder beetle
 14822 | D:13     | Killed a vault guard
 14823 | D:13     | Reached skill level 18 in Dodging
 14823 | D:13     | Gained mutation: Your thick and shaggy fur keeps you warm.
                  | (AC +3, rC+) [Felid growth]
 14823 | D:13     | Reached XP level 12. HP: 6/59 MP: 13/13
 14823 | D:13     | Killed a catoblepas
 15103 | D:13     | Noticed a centaur warrior
 15120 | D:13     | Killed a centaur warrior
 15121 | D:13     | Reached skill level 19 in Dodging
 15276 | D:13     | Noticed a yaktaur captain
 15552 | D:13     | Noticed a boulder beetle
 15574 | D:13     | Killed a boulder beetle
 15607 | D:13     | Noticed a tengu warrior
 15759 | D:13     | Killed a tengu warrior
 15992 | D:13     | Noticed a centaur warrior
 16004 | D:13     | Killed a centaur warrior
 16241 | D:13     | HP: 1/60 [meliai/divine providence (12)]
 16628 | D:13     | Noticed a catoblepas
 16665 | D:13     | Killed from afar by a meliai
 16666 | D:13     | Reached XP level 11. HP: -7/55 MP: 12/12
 16731 | Lair:1   | Entered Level 1 of the Lair of Beasts
 17025 | Lair:1   | Noticed an oklob plant
 17139 | Lair:1   | Killed an oklob plant
 17262 | Lair:1   | Reached skill level 20 in Dodging
 17596 | Lair:1   | Reached XP level 12. HP: 60/60 MP: 13/13
 17714 | Lair:2   | Noticed a catoblepas
 17762 | Lair:1   | Killed from afar by a catoblepas

Illustrated notes

Levels and vault maps discovered:
D:1:      moated_graveyard_arrival, layout_rooms, skrybe_limestone_x,
          kennysheep_pointless_box
D:2:      layout_basic
D:3:      layout_rooms, minmay_misc_feat_x, kennysheep_generic_room_15,
          uniq_robin, uniq_ijyb, uniq_sigmund
D:4:      layout_layer_cave, eat_drink_and_be_merry_uskayaw, uniq_duvessa,
          uniq_pikel
D:5:      layout_cave_pools, lemuel_round_altar,
          minmay_temple_entry_statues_fountains, serial_gnoll_camp,
          gnoll_camp_mini_hut, gnoll_camp_medium_01, gnoll_camp_medium_02,
          gnoll_camp_mini_shop, gnoll_camp_mini_shop, gnoll_camp_mini_doghouse,
          minivault_1
D:6:      layout_cave_pods, nicolae_wu_jian_wuxing_cycle,
          grunt_ashenzari_visionary [grunt_ashenzari_visionary_swamp,
          grunt_ashenzari_visionary_spider]
D:7:      layout_loops_ring, corexii_corridor_pit, uniq_joseph,
          uniq_prince_ribbit1, uniq_maggie
D:8:      layout_rooms, kennysheep_little_box, elyvilon_altar_4,
          grunt_temple_overflow_open, uniq_grum, uniq_gastronok
D:9:      minmay_inner_zag, layout_basic, yredelemnul_forgotten_temple_becter,
          general_overflow_altar, hangedman_glass_teeth
D:10:     layout_rooms, mainiacjoe_overflow_alcove_2, david_orc_2
D:11:     layout_basic, due_lair_maze_entry_diamond, serial_shops,
          nicolae_shop_industrial_runoff, shop, nicolae_shop_advertising_works
          [nicolae_subvault_shop_adworks], nicolae_ashenzari_skybound
D:12:     layout_basic, gammafunk_ghost_mausoleum
D:13:     layout_gridville, lightli_vaults_fourway_checkpoint,
          kennysheep_four_rooms
Temple:   nicolae_temple_bog_church
Lair:1:   lemuel_slime, layout_long_grid
Lair:2:   layout_cave_pods, minmay_swamp_entry_reptiles, grunt_megastairs_4,
          serial_bayou_shore_b, infiniplex_staircase_pool_2, uniq_harold

Skill      XL: |  1  2  3  4  5  6  7  8  9 10 11 12 |
---------------+-------------------------------------+-----
Dodging        | 5 6 7 9 13 14 16 20 19 | 20.1
Fighting       | 4 5 6 8 9 10 11 | 11.6
Unarmed Combat | 4 5 6 8 9 10 11 | 11.6

Action                     |  1- 3 |  4- 6 |  7- 9 | 10-12 || total
---------------------------+-------+-------+-------+-------++-------
  Melee: Unarmed           |   179 |   152 |   709 |   717 ||  1757
         Bite              |    17 |    15 |   109 |   117 ||   258
         Punch             |     3 |     6 |    53 |    66 ||   128
  Evoke: Wand              |       |       |    15 |     9 ||    24
         Lightning rod     |       |       |       |     2 ||     2
    Use: Scroll            |     6 |     4 |     8 |     7 ||    25
         Potion            |     2 |     7 |     5 |     8 ||    22
   Stab: Invisible         |     3 |     4 |     2 |    11 ||    20
         Sleeping          |     1 |     3 |     8 |     2 ||    14
 Armour: Skin              |     5 |    42 |    22 |    12 ||    81
  Dodge: Dodged            |   152 |   124 |   719 |  1070 ||  2065
